 Dungeon Sprint DCSS version 0.24.0-125-gc4c63601f3 (webtiles) character file.

Game seed: 1309546833361330617, levelgen mode: deterministic

9404 Ponchio the Eclecticist (level 11, -23/77 HPs)
             Began as a Deep Elf Earth Elementalist on Feb 25, 2020.
             Was the Champion of Vehumet.
             Annihilated by Duvessa
             ... wielding a +0 great sword of freezing
              (26 damage)
             ... in the Dungeon (Sprint III: "The Ten Rune Challenge").
             The game lasted 00:17:31 (2999 turns).

Ponchio the Eclecticist (DEEE)                      Turns: 2999, Time: 00:17:32

Health: -23/77     AC:  3    Str:  5    XL:     11   Next: 22%
Magic:  1/34       EV: 21    Int: 24    God:    Vehumet [******]
Gold:   5337       SH:  0    Dex: 15    Spells: 29/44 levels left

rFire    . . .     SeeInvis .   (no weapon)
rCold    . . .     Gourm    .   (no shield)
rNeg     . . .     Faith    .   j - +1 robe {rPois}
rPois    +         Spirit   .   (no helmet)
rElec    .         Reflect  .   (no cloak)
rCorr    .         Harm     .   (no gloves)
MR       +....     NoTele   +   (no boots)
Stlth    ++........             (no amulet)
HPRegen  0.22/turn              (no ring)
MPRegen  0.24/turn              (no ring)

@: no status effects
A: hooves 1, mutation resistance 1
a: Renounce Religion


You were in the Dungeon.
You worshipped Vehumet.
Vehumet was exalted by your worship.
You were hungry.

You visited 1 branch You collected 5337 gold pieces.

Inventory:

Missiles
 b - 9 stones (quivered)
Armour
 j - a +1 robe of poison resistance (worn)
Scrolls
 k - a scroll of torment
 l - a scroll of identify
 m - 4 scrolls of remove curse
Potions
 a - 2 potions of mutation
 e - 2 potions of curing
 f - a potion of heal wounds
 h - 2 potions of magic
 i - 2 potions of berserk rage
 n - a potion of might
 o - 2 potions of flight
Comestibles
 d - 4 rations


   Skills:
 - Level 12.8 Fighting
 - Level 13.1 Dodging
 - Level 2.4 Stealth
 + Level 17.3 Spellcasting
 - Level 1.1 Transmutations
 + Level 15.9 Earth Magic


You had 29 spell levels left.
You knew the following spells:

 Your Spells              Type           Power        Failure   Level  Hunger
a - Sandblast             Erth           ######       0%          1    None
b - Passwall              Tmut/Erth      ######..     1%          2    None
c - Stone Arrow           Conj/Erth      ######       1%          3    None
d - Petrify               Tmut/Erth      ######..     1%          4    None
e - Lee's Rapid Deconstr  Erth           #######...   1%          5    None

Your spell library contained the following spells:

 Spells                   Type           Power        Failure   Level  Hunger
 Olgreb's Toxic Radiance  Pois           ###.....     7%          4    None
 Magic Dart               Conj           ###.         1%          1    None
 Conjure Flame            Conj/Fire      ###.....     2%          3    None
 Mephitic Cloud           Conj/Pois/Air  ###.....     2%          3    None
 Blink                    Tloc           N/A          3%          2    None
 Call Imp                 Summ           ###.....     3%          2    None
 Slow                     Hex            ###.....     3%          2    None


Dungeon Overview and Level Annotations

Branches:
Dungeon (1/1)

Altars:
Cheibriados
Dithmenos
Elyvilon
Fedhas
Gozag
Hepliaklqana
Kikubaaqudgha
Makhleb
Nemelex Xobeh
Okawaru
Qazlal
Ru
Sif Muna
Trog
Uskayaw
Vehumet
Wu Jian
Xom
Yredelemnul
Zin
The Shining One
Beogh
Jiyva
Lugonu

Shops:
D :

Annotations:
D Duvessa


Innate Abilities, Weirdness & Mutations

You have large cloven feet.
You are somewhat resistant to further mutation.


Message History

The blast of rock fragments hits Duvessa!!
Duvessa is heavily wounded.
Duvessa misses you.
Casting: Lee's Rapid Deconstruction (safe; 1% risk of failure)
Confirm with . or Enter, or press ? or * to list all spells.
You don't have enough magic to cast that spell.
Unknown command.
Casting: Lee's Rapid Deconstruction (safe; 1% risk of failure)
Confirm with . or Enter, or press ? or * to list all spells.
Aiming: Sandblast (safe; 0% risk of failure)
Press: ? - help, Shift-Dir - straight line The blast of sand hits Duvessa!!!
Duvessa is severely wounded.
b - 9 stones Duvessa hits you with a +0 great sword of freezing!!
* * * LOW HITPOINT WARNING * * *
Duvessa freezes you!
* * * LOW HITPOINT WARNING * * *
Duvessa hits you with a +0 great sword of freezing!!
You die... .#..........#)#)..##≈≈≈≈# .#[..#..#.#.#.))..# ee'

'#.################ #
[#)#####################
.#.)..#.#.#..)).#^^....+
.##.#))#.##.###.#^.....#
.'##)#.#.##.#).##......#
.#...#..#..##..(...^...#
▓▓▓▓▓▓▓▓▓▓▓▓▓▓▓#@.^...^#
...f≈≈≈...#e(.....#
≈≈≈≈≈≈♣♣P.+.....^.#
♣♣♣♣♣ ♣PP#....^..#
♣♣♣##)###### ... #...#
#...# #####


You could see Duvessa (berserk).

Vanquished Creatures
  Dowan (D)
  A deep elf annihilator (D)
  Erolcha (D)
  An orc high priest (D)
  3 deep elf knights (D)
  3 deep elf magi (D)
  An orc knight (D)
  An orc sorcerer (D)
  2 redbacks (D)
  A shadow (D)
  A spatial vortex (D)
  An orc warrior (D)
  A necrophage (D)
  5 two-headed ogres (D)
  A water elemental (D)
  A scorpion (D)
  A jelly (D)
  A wizard (D)
  Jessica (D)
  3 orc wizards (D)
  A necromancer (D)
  3 humans (D)
  A kobold demonologist (D)
  11 orcs (D)
  3 rats (D)
50 creatures vanquished.

Vanquished Creatures (others)
  2 draconian scorchers (D)
  6 hellions (D)
  A yaktaur (D)
  2 plants (D)
11 creatures vanquished.

Grand Total: 61 creatures vanquished

Notes
Turn   | Place    | Note
-------+----------+-------------------------------------------
     0 | D        | Ponchio the Deep Elf Earth Elementalist began the quest for
                  | the Orb.
     0 | D        | Reached XP level 1. HP: 10/10 MP: 6/6
    30 | D        | Killed a yaktaur
    76 | D        | Noticed Jessica
    81 | D        | Killed Jessica
    81 | D        | Reached skill level 5 in Spellcasting
    81 | D        | Reached XP level 2. HP: 15/15 MP: 6/10
    85 | D        | Learned a level 2 spell: Passwall
    86 | D        | Killed a hellion
    87 | D        | Killed a hellion
    87 | D        | Killed a hellion
    89 | D        | Killed a hellion
    99 | D        | Killed a hellion
   109 | D        | Killed a hellion
   132 | D        | Noticed a scorpion
   152 | D        | Reached XP level 3. HP: 5/19 MP: 2/12
   175 | D        | Killed a white draconian scorcher
   269 | D        | Killed a white draconian scorcher
   385 | D        | Learned a level 3 spell: Stone Arrow
   404 | D        | Killed a scorpion
   404 | D        | Reached skill level 7 in Spellcasting
   404 | D        | Reached XP level 4. HP: 24/24 MP: 11/15
   410 | D        | Learned a level 4 spell: Petrify
   585 | D        | Gained mutation: You are somewhat resistant to further
                  | mutation. [potion of mutation]
   585 | D        | Gained mutation: You have large cloven feet. [potion of
                  | mutation]
   597 | D        | Noticed a water elemental
   603 | D        | Killed a water elemental
   603 | D        | Reached skill level 9 in Spellcasting
   603 | D        | Reached XP level 5. HP: 28/28 MP: 13/18
   610 | D        | Learned a level 5 spell: Lee's Rapid Deconstruction
   641 | D        | Found a glowing silver altar of Zin.
   642 | D        | Found a glowing golden altar of the Shining One.
   642 | D        | Found a white marble altar of Elyvilon.
   643 | D        | Noticed a deep elf mage
   647 | D        | Killed a deep elf mage
   647 | D        | Reached skill level 13 in Spellcasting
   647 | D        | Reached XP level 6. HP: 32/32 MP: 3/24
   647 | D        | Reached XP level 7. HP: 36/36 MP: 3/26
   767 | D        | Found a hide-covered altar of Uskayaw.
   767 | D        | Found a roughly hewn altar of Beogh.
   767 | D        | Found an iron altar of Okawaru.
   767 | D        | Found a bloodstained altar of Trog.
   767 | D        | Found an ornate altar of the Wu Jian Council.
   767 | D        | Noticed a human
   768 | D        | Killed a human
   768 | D        | Reached skill level 14 in Spellcasting
   769 | D        | Noticed a human
   771 | D        | Killed a human
   857 | D        | Found a basalt altar of Yredelemnul.
   857 | D        | Found a shadowy altar of Dithmenos.
   857 | D        | Found a sacrificial altar of Ru.
   860 | D        | Reached skill level 15 in Spellcasting
   915 | D        | Noticed a shadow
   917 | D        | Reached XP level 8. HP: 41/41 MP: 18/29
   973 | D        | Found a radiant altar of Vehumet.
   973 | D        | Found a shimmering blue altar of Sif Muna.
   973 | D        | Found an ancient bone altar of Kikubaaqudgha.
   986 | D        | Became a worshipper of Vehumet
  1019 | D        | Found a blossoming altar of Fedhas.
  1019 | D        | Found a stormy altar of Qazlal.
  1019 | D        | Found a snail-covered altar of Cheibriados.
  1019 | D        | Found a burning altar of Makhleb.
  1019 | D        | Found a shimmering altar of Xom.
  1022 | D        | Found a hazy altar of Hepliaklqana.
  1022 | D        | Found an opulent altar of Gozag.
  1022 | D        | Found a sparkling altar of Nemelex Xobeh.
  1022 | D        | Found a corrupted altar of Lugonu.
  1022 | D        | Found a viscous altar of Jiyva.
  1073 | D        | Reached * piety under Vehumet
  1073 | D        | Offered knowledge of Flame Tongue by Vehumet.
  1073 | D        | Reached skill level 16 in Spellcasting
  1076 | D        | Reached skill level 15 in Earth Magic
  1233 | D        | Reached ** piety under Vehumet
  1236 | D        | Reached skill level 1 in Fighting
  1237 | D        | Noticed an orc sorcerer
  1509 | D        | Noticed an orc high priest
  1513 | D        | Noticed a sixfirhy
  1516 | D        | Killed an orc high priest
  1516 | D        | Offered knowledge of Shock by Vehumet.
  1516 | D        | Reached *** piety under Vehumet
  1516 | D        | Reached skill level 5 in Fighting
  1516 | D        | Reached skill level 5 in Dodging
  1516 | D        | Reached XP level 9. HP: 34/54 MP: 19/31
  1632 | D        | Reached **** piety under Vehumet
  1666 | D        | Killed an orc sorcerer
  1710 | D        | Offered knowledge of Throw Frost by Vehumet.
  1736 | D        | Found Iqon's Book Boutique.
  1796 | D        | Reached ***** piety under Vehumet
  1797 | D        | Noticed a two-headed ogre
  1798 | D        | Noticed Erolcha
  1800 | D        | Killed a two-headed ogre
  1801 | D        | Killed Erolcha
  1801 | D        | Reached XP level 10. HP: 66/66 MP: 10/32
  1801 | D        | Noticed an orc knight
  1919 | D        | Killed an orc knight
  1919 | D        | Offered knowledge of Iskenderun's Mystic Blast by Vehumet.
  1919 | D        | Reached skill level 10 in Dodging
  2189 | D        | Offered knowledge of Bolt of Magma by Vehumet.
  2189 | D        | Reached skill level 10 in Fighting
  2222 | D        | Noticed a deep elf mage
  2222 | D        | Noticed a deep elf knight
  2222 | D        | Noticed a deep elf knight
  2222 | D        | Noticed a deep elf mage
  2222 | D        | Noticed a deep elf knight
  2238 | D        | Killed a deep elf mage
  2239 | D        | Killed a deep elf knight
  2240 | D        | Killed a deep elf mage
  2240 | D        | Killed a deep elf knight
  2244 | D        | Killed a deep elf knight
  2244 | D        | Reached ****** piety under Vehumet
  2360 | D        | Noticed a deep elf annihilator
  2409 | D        | Noticed a deep elf mage
  2415 | D        | Killed a deep elf annihilator
  2415 | D        | Offered knowledge of Olgreb's Toxic Radiance by Vehumet.
  2415 | D        | Reached XP level 11. HP: 77/77 MP: 15/33
  2505 | D        | Identified the +4 halberd of Conowoin {chop, rPois rF++
                  | Str-4 Stlth+}
  2505 | D        | Noticed a deep elf demonologist
  2505 | D        | Noticed a deep elf master archer
  2716 | D        | Identified the +9 trident of Womotuha {elec, rF- Str+3 SInv
                  | Stlth+}
  2716 | D        | Noticed a deep elf death mage
  2817 | D        | Noticed a shadow demon
  2987 | D        | Noticed Dowan
  2987 | D        | Noticed Duvessa
  2993 | D        | Killed Dowan
  2993 | D        | Reached skill level 17 in Spellcasting
  2999 | D        | HP: 3/77 [Duvessa/+0 great sword of freezing (10)]
  2999 | D        | Annihilated by Duvessa

Levels and vault maps discovered:
D:        dungeon_sprint_mu [sprint_mu_entry_cave, sprint_mu_temple_rooms,
          sprint_mu_d1_spiders, sprint_mu_d2_genie, sprint_mu_d3_branching,
          sprint_mu_orc_legion, sprint_mu_elf_gauntlet, sprint_mu_hive_nellie,
          sprint_mu_lair_fedhas, sprint_mu_vaults_butterflies,
          sprint_mu_slime_circle, sprint_mu_swamp_cave, sprint_mu_shoals_kraken,
          sprint_mu_blade_basic, sprint_mu_crypt_chambers,
          sprint_mu_tomb_spiral, sprint_mu_vestibule_basic,
          sprint_mu_gehenna_hellfire, sprint_mu_dis_giant,
          sprint_mu_tartarus_statrot, sprint_mu_cocytus_islands, sprint_mu_zot1]

Skill      XL: |  1  2  3  4  5  6  7  8  9 10 11 |
---------------+----------------------------------+-----
Spellcasting   | 5 7 9 13 15 16 17 | 17.3
Earth Magic    | 6 7 8 9 12 13 15 | 15.9
Fighting       | 5 9 12 | 12.8
Dodging        | 5 9 13 | 13.1
Stealth        | |  2.4
Transmutations | |  1.1

Action                   |  1- 3 |  4- 6 |  7- 9 | 10-12 || total
-------------------------+-------+-------+-------+-------++-------
 Cast: Sandblast         |    12 |     3 |     5 |     1 ||    21
       Lee's Rapid Decon |       |     2 |    31 |    33 ||    66
       Passwall          |       |       |       |     1 ||     1
       Stone Arrow       |       |       |       |     1 ||     1
  Use: Scroll            |       |     3 |       |     1 ||     4
       Potion            |       |     1 |       |     2 ||     3
  Eat: Chunk             |       |       |     4 |     3 ||     7
Dodge: Dodged            |     3 |       |     4 |     8 ||    15
